 Dungeon Crawl Stone Soup version 0.27.1-3-gb3d3a73c9e (webtiles) character file.

Game seed: 9941802948760197599

3384 MisterFreud the Magician (level 10, -6/79 HPs)
             Began as a Gnoll Venom Mage on Oct 7, 2021.
             Was an Elder of Ashenzari.
             Mangled by a troll (11 damage)
             ... on level 7 of the Dungeon.
             The game lasted 00:20:06 (9042 turns).

MisterFreud the Magician (Gnoll Venom Mage)         Turns: 9042, Time: 00:20:06

Health: -6/79      AC:  5    Str:  9    XL:     10   Next: 4%
Magic:  11/23      EV: 18    Int: 17    God:    Ashenzari [****..]
Gold:   195        SH:  7    Dex: 18    Spells: 16/27 levels left

rFire    . . .     SeeInvis +   k - +0 dagger "Eternal Frustration" {elec, Fort, Melee} (curse)
rCold    . . .     Faith    .   x - +0 buckler of Apeoromancy {Self, Melee} (curse)
rNeg     . . .     Spirit   .   a - +0 robe of Supernal Understanding {Fort, Cun} (curse)
rPois    .         Reflect  .   (no helmet)
rElec    .         Harm     .   (no cloak)
rCorr    .         Rampage  .   m - +0 pair of gloves of Ashenzari's Planets {Fort, Cun} (curse)
Will     .....     Clarity  +   i - +0 pair of boots "Ruined Dismay" {Comp, Elem} (curse)
Stlth    +++++.....             (no amulet)
HPRegen  0.23/turn              j - ring of the Bound Moon {Dex+6, Elem, Range} (curse)
MPRegen  0.18/turn              (no ring)

@: mighty
A: fangs 1, strong nose, distributed training
a: Renounce Religion, Curse Item, Shatter the Chains


You were on level 7 of the Dungeon.
You worshipped Ashenzari.
Ashenzari was greatly pleased with you.
You visited 1 branch of the dungeon, and saw 7 of its levels.

You collected 337 gold pieces.
You spent 142 gold pieces at shops.

Inventory:

Hand Weapons
 f - a +0 short sword
 k - the cursed +0 dagger "Eternal Frustration" (weapon) {elec, Fort, Melee}
   (You took it off an orc wizard on level 5 of the Dungeon)

   It occasionally discharges a powerful burst of electricity upon striking a
   foe.
   It has a curse which improves the following skills: Fortitude: Armour and
   Shields.
   Melee Combat: Short Blades, Long Blades, Axes, Maces & Flails, Polearms,
   Staves and Unarmed Combat.
 A - a +2 dagger of venom
Missiles
 p - 124 stones
 u - 2 poisoned darts
 y - 3 boomerangs
Armour
 a - the cursed +0 robe of Supernal Understanding (worn) {Fort, Cun}

   It has a curse which improves the following skills: Fortitude: Armour and
   Shields.
   Cunning:   Dodging and Stealth.
 i - the cursed +0 pair of boots "Ruined Dismay" (worn) {Comp, Elem}
   (You found it on level 1 of the Dungeon)

   It has a curse which improves the following skills: Companions: Summonings
   and Necromancy.
   Elements:  Fire Magic, Ice Magic, Air Magic and Earth Magic.
 m - the cursed +0 pair of gloves of Ashenzari's Planets (worn) {Fort, Cun}
   (You found it on level 2 of the Dungeon)

   It has a curse which improves the following skills: Fortitude: Armour and
   Shields.
   Cunning:   Dodging and Stealth.
 w - a +0 pair of gloves
 x - the cursed +0 buckler of Apeoromancy (worn) {Self, Melee}
   (You bought it in a shop on level 6 of the Dungeon)

   It has a curse which improves the following skills: Introspection: Fighting
   and Spellcasting.
   Melee Combat: Short Blades, Long Blades, Axes, Maces & Flails, Polearms,
   Staves and Unarmed Combat.
 B - a +0 kite shield
Jewellery
 j - the cursed ring of the Bound Moon (left hand) {Dex+6, Elem, Range}
   (You found it on level 1 of the Dungeon)

   [ring of dexterity]

   Dex:       It affects your dexterity (+6).
   It has a curse which improves the following skills: Elements: Fire Magic, Ice
   Magic, Air Magic and Earth Magic.
   Ranged Combat: Slings, Bows, Crossbows and Throwing.
Wands
 l - a wand of acid (7)
 t - a wand of digging (8)
 v - a wand of flame (28)
 z - a wand of polymorph (9)
Scrolls
 b - a scroll of amnesia
 d - a scroll of holy word
 e - 2 scrolls of teleportation
 q - a scroll of fog
 r - a scroll of magic mapping
 s - a scroll of enchant weapon
Potions
 c - 3 potions of might
 g - 2 potions of lignification
 h - 3 potions of flight
 n - a potion of ambrosia
 o - a potion of brilliance


   Skills:
 + Level 4.8(7.0) Fighting
 + Level 4.8(8.2) Short Blades
 + Level 4.8(8.2) Long Blades
 + Level 4.8(8.2) Axes
 + Level 4.8(8.2) Maces & Flails
 + Level 4.8(8.2) Polearms
 + Level 4.8(8.2) Staves
 + Level 4.8(7.0) Slings
 + Level 4.8(7.0) Bows
 + Level 4.8(7.0) Crossbows
 + Level 4.8(7.0) Throwing
 + Level 4.8(9.2) Armour
 + Level 6.7(10.2) Dodging
 + Level 6.5(10.0) Stealth
 + Level 4.8(9.2) Shields
 + Level 4.8(8.2) Unarmed Combat
 + Level 7.0(9.4) Spellcasting
 + Level 4.0 Conjurations
 + Level 4.0 Hexes
 + Level 4.0(6.1) Summonings
 + Level 4.0(6.1) Necromancy
 + Level 4.0 Translocations
 + Level 4.6 Transmutations
 + Level 4.0(7.2) Fire Magic
 + Level 4.0(7.2) Ice Magic
 + Level 4.0(7.2) Air Magic
 + Level 4.0(7.2) Earth Magic
 + Level 6.8 Poison Magic
 + Level 5.3 Invocations
 + Level 4.8 Evocations


You had 16 spell levels left.
You knew the following spells:

 Your Spells              Type           Power      Damage    Failure   Level
a - Sting                 Tmut/Pois      100%       1d8       1%          1
b - Mephitic Cloud        Conj/Pois/Air  28%        N/A       2%          3
c - Olgreb's Toxic Radia  Pois           31%        N/A       5%          4
d - Passwall              Tmut/Erth      23%        N/A       1%          2
e - Sandblast             Erth           64%        2d14      1%          1

Your spell library contained the following spells:

 Spells                   Type           Power      Damage    Failure   Level
 Foxfire                  Conj/Fire      100%       2x1d9     1%          1
 Poisonous Vapours        Pois/Air       64%        N/A       1%          2
 Blink                    Tloc           N/A        N/A       2%          2
 Conjure Flame            Conj/Fire      27%        6-21      2%          3
 Inner Flame              Hex/Fire       27%        N/A       2%          3
 Lee's Rapid Deconstruct  Erth           16%        3d11*     13%         5
 Manifold Assault         Tloc           21%        N/A       43%         5
 Conjure Ball Lightning   Conj/Air       13%        3x3d6     80%         6
 Storm Form               Tmut/Air       14%        N/A       100%        7
 Discord                  Hex            10%        N/A       100%        8
 Disjunction              Tloc           10%        N/A       100%        8


Dungeon Overview and Level Annotations

Branches:
Dungeon (7/15)             Temple (0/1) D:6

Altars:
Ashenzari
Fedhas
Hepliaklqana
Nemelex Xobeh
Qazlal
Xom

Shops:
D:1 ?:*   D:3 *   D:6 *[:

Annotations:
D:5 2 transporters


Innate Abilities, Weirdness & Mutations

You have very sharp teeth.
Your uncanny sense of smell can sniff out nearby items.
Your experience applies equally to all skills.


Message History

The orc warrior misses you.
You hit the troll but do no damage. You bite the troll, but do no damage.
The troll is moderately wounded.
You block the troll's attack. The troll claws you! The troll barely misses you.
You block the orc warrior's attack.
The orc warrior looks more healthy.
Casting: Olgreb's Toxic Radiance (dangerous; 5% risk of failure)
Confirm with . or Enter, or press ? or * to list all spells.
You begin to radiate toxic energy.
The troll is poisoned.
You kill the orc warrior!
The troll barely misses you. The troll claws you!
* * * LOW HITPOINT WARNING * * *
The troll claws you.
* * * LOW HITPOINT WARNING * * *
Unknown command.
Unknown command.
The troll looks even sicker.
Your toxic aura wanes.
The kobold demonologist looks braver for a moment.
Aiming: Corrosive Bolt
Press: ? - help, Shift-Dir - straight line, f - troll
Aim: a troll (moderately wounded, very poisoned, 74% to hit)
The bolt of acid hits the troll!
The troll is splashed with acid!
The acid corrodes the troll!
The troll is severely wounded.
The kobold demonologist casts a spell.
Unknown command.
You feel very mighty all of a sudden.
The troll barely misses you. x2; The troll claws you!
* * * LOW HITPOINT WARNING * * *
Unknown command.
Unknown command.
Unknown command.
Unknown command.
You barely miss the troll.
The troll is severely wounded.
The troll bites you.
* * * LOW HITPOINT WARNING * * *
The troll claws you!
You die...

#$.$.)#..##...##..#.....#.###....
#.$#$.#.##.#.#.##.#.....#.###....
###.#####)##.##?#####.###..##....
#... {* ###...#####5{.).##..#....
..# * #.....###.#####.##..#### .#
** *########5#....)#.##.###. # ,,
,*, * ∆,∆##K#..###..#.#.###. , ,,
*∆, )#T#.#...#.#.#.###. ,{, , , ,
.#@#.#.#.#.#.#.###. {, ∆ *
[#.#.#...#.#.#.#### * ,,*
##[.|##.#.)###..#.#.## # . * **
#########.#.....#.##.## ..
###..#..###.#####.##..##
#..F..###..#.#..###.....##..###
########.)#####..####.###..###
#.....#..#.#.###..#.....#.####
#.#.#.#.###..)###.#.#...#.### ##


You could see a kobold demonologist, a troll (poisoned, corroded) and an
ufetubus (summoned).

Vanquished Creatures
  An unseen horror (D:7)
  A water moccasin (D:7)
  2 sky beasts
  A necrophage (D:6)
  A black bear (D:4)
  3 orc warriors
  4 ice beasts
  2 ogres
  2 centaurs
  2 kobold brigands
  2 bullfrogs (D:7)
  A gnoll sergeant (D:7)
  3 scorpions
  A water moccasin skeleton (D:4)
  A centaur zombie (D:7)
  A bullfrog zombie (D:7)
  A centaur skeleton (D:7)
  3 hounds
  2 jellies
  3 orc priests (D:7)
  2 gnoll shamans
  2 bullfrog skeletons
  4 iguanas
  10 orc wizards
  A killer bee zombie (D:7)
  3 gnolls (D:6)
  11 adders
  2 shadow imps (D:7)
  A white imp (D:7)
  2 ufetubi
  An adder skeleton (D:4)
  3 dart slugs
  17 orcs
  3 bats (D:2)
  6 endoplasms
  5 giant cockroaches
  4 goblins
  12 hobgoblins
  8 jackals
  11 kobolds
  3 quokkas
  5 ball pythons
  A frilled lizard (D:1)
  4 rats
158 creatures vanquished.

Vanquished Creatures (others)
  An orc wizard (D:5)
1 creature vanquished.

Grand Total: 159 creatures vanquished

Notes
Turn   | Place    | Note
-------+----------+-------------------------------------------
     0 | D:1      | MisterFreud the Gnoll Venom Mage began the quest for the
                  | Orb.
     0 | D:1      | Reached XP level 1. HP: 13/13 MP: 6/6
   134 | D:1      | Reached XP level 2. HP: 19/19 MP: 4/7
   218 | D:1      | Found Jaz Wifu's Magic Scroll Emporium.
   572 | D:1      | Found Emifo's Assorted Antiques.
   702 | D:1      | Found Vejeali's Book Boutique.
   800 | D:1      | Reached XP level 3. HP: 24/25 MP: 7/9
   805 | D:1      | Reached skill level 5 in Spellcasting
  1264 | D:2      | Reached skill level 1 in Invocations
  1509 | D:2      | Reached skill level 1 in Fighting
  1509 | D:2      | Reached skill level 1 in Short Blades
  1509 | D:2      | Reached skill level 1 in Long Blades
  1509 | D:2      | Reached skill level 1 in Axes
  1509 | D:2      | Reached skill level 1 in Maces & Flails
  1509 | D:2      | Reached skill level 1 in Polearms
  1509 | D:2      | Reached skill level 1 in Staves
  1509 | D:2      | Reached skill level 1 in Slings
  1509 | D:2      | Reached skill level 1 in Bows
  1509 | D:2      | Reached skill level 1 in Crossbows
  1509 | D:2      | Reached skill level 1 in Throwing
  1509 | D:2      | Reached skill level 1 in Armour
  1509 | D:2      | Reached skill level 1 in Shields
  1509 | D:2      | Reached skill level 1 in Unarmed Combat
  1509 | D:2      | Reached skill level 1 in Evocations
  1603 | D:2      | Reached XP level 4. HP: 28/32 MP: 9/11
  1637 | D:2      | Found a stormy altar of Qazlal.
  1891 | D:2      | Found a faded altar of an unknown god.
  1897 | D:2      | Became a worshipper of Ashenzari the Shackled
  2037 | D:2      | Reached skill level 1 in Conjurations
  2037 | D:2      | Reached skill level 1 in Hexes
  2037 | D:2      | Reached skill level 1 in Summonings
  2037 | D:2      | Reached skill level 1 in Necromancy
  2037 | D:2      | Reached skill level 1 in Translocations
  2037 | D:2      | Reached skill level 1 in Fire Magic
  2037 | D:2      | Reached skill level 1 in Ice Magic
  2037 | D:2      | Reached skill level 1 in Air Magic
  2037 | D:2      | Reached skill level 1 in Earth Magic
  2378 | D:3      | Learned a level 3 spell: Mephitic Cloud
  2383 | D:3      | Learned a level 4 spell: Olgreb's Toxic Radiance
  2386 | D:3      | Learned a level 2 spell: Passwall
  2416 | D:3      | Found a hide-covered altar of Uskayaw.
  2418 | D:3      | Found a blossoming altar of Fedhas.
  2418 | D:3      | Found a shimmering altar of Xom.
  2420 | D:3      | Found a shimmering altar of Xom.
  2420 | D:3      | Found a sparkling altar of Nemelex Xobeh.
  2420 | D:3      | Found a hazy altar of Hepliaklqana.
  2476 | D:3      | Reached XP level 5. HP: 30/37 MP: 7/12
  2555 | D:3      | Reached * piety under Ashenzari
  2748 | D:3      | Found Cuovawun's General Store.
  3062 | D:1      | Bought a puce potion for 20 gold pieces
  3062 | D:1      | Bought 2 fizzy coppery potions for 41 gold pieces
  3385 | D:4      | Reached ** piety under Ashenzari
  3441 | D:4      | Reached XP level 6. HP: 19/44 MP: 13/13
  3443 | D:4      | Learned a level 1 spell: Sandblast
  3883 | D:4      | Noticed a black bear
  3895 | D:4      | Killed a black bear
  3896 | D:4      | Reached skill level 5 in Dodging
  4437 | D:5      | Entered Level 5 of the Dungeon
  4473 | D:5      | Reached XP level 7. HP: 49/50 MP: 9/15
  4672 | D:5      | Found a transporter.
  4823 | D:5      | Found a transporter.
  4890 | D:5      | Reached skill level 5 in Stealth
  5135 | D:5      | Reached XP level 8. HP: 26/57 MP: 4/16
  5860 | D:1      | Bought a scroll labelled HIVEAW JOPPEONT for 23 gold pieces
  6116 | D:6      | Reached skill level 6 in Spellcasting
  6764 | D:6      | Found a staircase to the Ecumenical Temple.
  6765 | D:6      | Reached *** piety under Ashenzari
  6802 | D:6      | Found Wanigroergh's Book Emporium.
  6802 | D:6      | Found Bipeileabb's Armour Shoppe.
  6814 | D:6      | Found Duarug's General Store.
  6820 | D:6      | Bought a +0 buckler for 58 gold pieces
  7214 | D:7      | Reached **** piety under Ashenzari
  7289 | D:7      | Reached XP level 9. HP: 58/69 MP: 15/21
  7618 | D:7      | Noticed an unseen horror
  7620 | D:7      | Killed an unseen horror
  7856 | D:7      | Identified the +5 plate armour "Uxumpeesk" {Dex+5 SInv}
  7902 | D:7      | Reached skill level 5 in Invocations
  8008 | D:7      | Reached skill level 7 in Spellcasting
  9002 | D:7      | Noticed a troll
  9014 | D:7      | Reached XP level 10. HP: 77/79 MP: 14/23
  9017 | D:7      | Noticed a kobold demonologist
  9042 | D:7      | Mangled by a troll

Illustrated notes

Levels and vault maps discovered:
D:1:      amcnicky_arrival_abandoned_market, layout_loops_ring, serial_shops,
          shop_statue, shop, nicolae_shop_crystal,
          hangedman_abyss_or_decor_stabs
D:2:      layout_basic, hellmonk_ecumenical_altar_heavens_door, basic_altar
D:3:      layout_loops_cross, doesnt_xom_only_xom, serial_shops,
          nicolae_shop_stone
D:4:      layout_gridville
D:5:      gammafunk_steamed_eel, layout_basic,
          minmay_a_box_with_orc_wizards_in_it
D:6:      layout_loops_ring, minmay_temple_entry_nine_rooms,
          nicolae_wooded_promenade, kennysheep_cluttered_room
D:7:      minmay_the_grid_octo_tiled_squarecenter
          [minmay_the_grid_octo_concentric, minmay_the_grid_octo_clover_2,
          minmay_the_grid_octo_horde, minmay_the_grid_octo_fat_diamond,
          minmay_the_grid_square_5x5_megaprize_diamond,
          minmay_the_grid_square_5x5_moneybag,
          minmay_the_grid_square_5x5_one_wall,
          minmay_the_grid_square_5x5_two_walls_a,
          minmay_the_grid_square_5x5_inner_i], layout_layer_cave

Skill      XL: |  1  2  3  4  5  6  7  8  9 10 |
---------------+-------------------------------+-----
Transmutations | 2 3 4 |  4.6
Spellcasting   | 5 6 7 |  7.0
Invocations    | 1 2 3 4 5 |  5.3
Fighting       | 1 2 3 4 |  4.8
Short Blades   | 1 2 3 4 |  4.8
Long Blades    | 1 2 3 4 |  4.8
Axes           | 1 2 3 4 |  4.8
Maces & Flails | 1 2 3 4 |  4.8
Polearms       | 1 2 3 4 |  4.8
Staves         | 1 2 3 4 |  4.8
Slings         | 1 2 3 4 |  4.8
Bows           | 1 2 3 4 |  4.8
Crossbows      | 1 2 3 4 |  4.8
Throwing       | 1 2 3 4 |  4.8
Armour         | 1 2 3 4 |  4.8
Shields        | 1 2 3 4 |  4.8
Unarmed Combat | 1 2 3 4 |  4.8
Evocations     | 1 2 3 4 |  4.8
Conjurations   | 1 2 3 4 |  4.0
Hexes          | 1 2 3 4 |  4.0
Summonings     | 1 2 3 4 |  4.0
Necromancy     | 1 2 3 4 |  4.0
Translocations | 1 2 3 4 |  4.0
Fire Magic     | 1 2 3 4 |  4.0
Ice Magic      | 1 2 3 4 |  4.0
Air Magic      | 1 2 3 4 |  4.0
Earth Magic    | 1 2 3 4 |  4.0
Dodging        | 5 6 |  6.7
Stealth        | 5 6 |  6.5
Poison Magic   | 6 |  6.8

Action                   |  1- 3 |  4- 6 |  7- 9 | 10-12 || total
-------------------------+-------+-------+-------+-------++-------
Melee: Unarmed           |     4 |       |       |       ||     4
       Short sword       |    28 |    77 |    31 |       ||   136
       Bite              |     2 |     5 |    29 |     2 ||    38
       Punch             |       |     1 |     1 |       ||     2
       Dagger            |       |       |   194 |     9 ||   203
 Cast: Sting             |    45 |    59 |    75 |       ||   179
       Sandblast         |       |     5 |     3 |       ||     8
       Olgreb's Toxic Ra |       |       |    12 |     2 ||    14
       Mephitic Cloud    |       |       |     5 |       ||     5
Invok: Curse Item        |       |     4 |     2 |       ||     6
Evoke: Wand              |       |       |       |     1 ||     1
  Use: Potion            |       |       |     3 |     1 ||     4
       Scroll            |       |       |     1 |       ||     1
 Stab: Sleeping          |     5 |    10 |    10 |       ||    25
       Confused          |       |       |     2 |       ||     2
Armor: Robe              |     7 |    24 |    45 |       ||    76
Dodge: Dodged            |    29 |    93 |   176 |    16 ||   314
Block: Buckler           |       |       |    24 |     5 ||    29
